 Dungeon Crawl Stone Soup version 0.24-a0-479-g9a978d2894 (webtiles) character file.

Game seed: 6163424276219716724

12259 Elric the Grappler (level 11, -2/95 HPs)
             Began as a White Draconian Transmuter on July 6, 2019.
             Was a Follower of Ashenzari.
             Slain by a fire crab (10 damage)
             ... on level 9 of the Dungeon.
             The game lasted 00:36:16 (13618 turns).

Elric the Grappler (White Draconian Transmuter)    Turns: 13618, Time: 00:36:17

Health: -2/95      AC: 14    Str: 13    XL:     11   Next: 60%
Magic:  16/21      EV: 16    Int: 17    God:    Ashenzari [*.....]
Gold:   496        SH:  0    Dex: 15    Spells: 8/23 levels left

rFire    . . .     SeeInvis .     - Unarmed
rCold    + . .     Gourm    .   (shield currently unavailable)
rNeg     . . .     Faith    +   (armour unavailable)
rPois    .         Spirit   .   B - +2 hat
rElec    .         Reflect  .   (no cloak)
rCorr    .         Harm     .   (gloves currently unavailable)
MR       .....                  d - +1 pair of boots
Stlth    +.........             s - amulet of faith (curse)
HPRegen  0.25/turn              l - +4 ring of dexterity (curse)
MPRegen  0.17/turn              v - +3 ring of protection (curse)

@: blade hands
A: breathe frost, unfitting armour, cold resistance 1, cold-blooded, AC +7
a: Breathe Frost, End Transformation, Curse Item, Scrying, Renounce Religion


You were on level 9 of the Dungeon.
You worshipped Ashenzari.
Ashenzari was aware of your devotion.
You were not hungry.
You had blades for hands.
You visited 2 branches of the dungeon, and saw 10 of its levels.

You collected 496 gold pieces.

Inventory:

Missiles
 a - 155 arrows
Armour
 d - a +1 pair of boots (worn)
 k - a +0 pair of gloves (melded)
 y - a +0 buckler (melded)
 B - a +2 hat (worn)
Jewellery
 h - an uncursed amulet of rage
 l - a cursed +4 ring of dexterity (left scythe-like blade)
 s - a cursed amulet of faith (around neck)
 v - a cursed +3 ring of protection (right scythe-like blade)
 z - an uncursed ring of stealth
Wands
 e - a wand of polymorph (8)
 t - a wand of paralysis (4)
 w - a wand of enslavement (8)
Scrolls
 b - a scroll of blinking {unknown}
 f - 3 scrolls of enchant weapon
 g - 6 scrolls of identify
 m - 4 scrolls of amnesia
 n - 2 scrolls of noise
 q - 4 scrolls of teleportation
 r - a scroll of random uselessness {unknown}
Potions
 i - 2 potions of curing
 o - 3 potions of mutation
 p - a potion of haste {unknown}
 u - 3 potions of flight {unknown}
 x - a potion of cancellation {unknown}
 A - a potion of agility {unknown}
 C - a potion of heal wounds {unknown}
Comestibles
 c - 7 rations


   Skills:
 + Level 8.8 Fighting
 - Level 6.6 Dodging
 - Level 4.1 Shields
 + Level 9.4 Unarmed Combat
 - Level 6.7 Spellcasting
 + Level 9.2 Transmutations
 - Level 3.2 Ice Magic
 - Level 2.0 Poison Magic


You had 8 spell levels left.
You knew the following spells:

 Your Spells              Type           Power        Failure   Level  Hunger
a - Beastly Appendage     Tmut           #####.       10%         1    None
b - Spider Form           Tmut/Pois      ###.......   28%         3    ##.....
c - Sticks to Snakes      Tmut           #####...     11%         2    None
d - Blade Hands           Tmut           #####.....   41%         5    #####..
e - Ice Form              Ice/Tmut       ####....     43%         4    ####...

Your spell library contained the following spells:

 Spells                   Type           Power        Failure   Level  Hunger
 Sting                    Conj/Pois      #...         41%         1    None
 Magic Dart               Conj           #...         50%         1    None
 Poisonous Vapours        Pois/Air       #.....       50%         2    None
 Blink                    Tloc           N/A          61%         2    None
 Call Imp                 Summ           #.......     61%         2    None
 Slow                     Hex            #.......     61%         2    None
 Mephitic Cloud           Conj/Pois/Air  #.......     69%         3    ##.....
 Conjure Flame            Conj/Fire      #.......     77%         3    ##.....
 Olgreb's Toxic Radiance  Pois           ##......     85%         4    ####...
 Venom Bolt               Conj/Pois      #.........   99%         5    #####..


Dungeon Overview and Level Annotations

Branches:
Dungeon (9/15)             Temple (1/1) D:6
   Lair: D:8-11         Orc: D:9-12

Altars:
Ashenzari
Cheibriados
Dithmenos
Elyvilon
Fedhas
Gozag
Hepliaklqana
Kikubaaqudgha
Makhleb
Nemelex Xobeh
Okawaru
Qazlal
Ru
Sif Muna
Trog
Uskayaw
Vehumet
Wu Jian
Xom
Yredelemnul
Zin
The Shining One

Shops:
D:5 *


Innate Abilities, Weirdness & Mutations

You can breathe waves of freezing cold.
You can buffet flying creatures when you breathe cold.
Your icy white scales are hard. (AC +7)
You cannot fit into any form of body armour.
Your flesh is cold resistant. (rC+)
You are cold-blooded and may be slowed by cold attacks.


Message History

Your adder is engulfed in blazing flames.
Your adder dies!
You see here a +0 shortbow of flaming.
You are engulfed in blazing flames.
The fire crab breathes flames at you.
The blast of flame engulfs you but does no damage.
You are engulfed in blazing flames.
The fire crab breathes flames at you. The blast of flame misses you.
The fire crab breathes flames at you. The blast of flame engulfs you.
You slice the fire crab!! You tail-slap the fire crab.
The fire crab is heavily wounded.
You are engulfed in blazing flames.
* * * LOW HITPOINT WARNING * * *
The fire crab bites you but does no damage.
The fire crab claws you!
* * * LOW HITPOINT WARNING * * *
You are engulfed in flames!
You die...

###....##.# #######.# #...#
#.###### #...# #......# ####...#
#......#
..##=..###......#################
..............○○○○)............>.
..............○○○.#####°#########
......#......○○t@.# #.#
..#..##......○....# #.#
....###...........#####'########
...## #...........##...........#
..## #...........##...........#
.## #...........##...........# ##
#...........##...........# #
#########..###...........#
##.###.....>.....#


You could see a fire crab.

Vanquished Creatures
  A sphinx (D:9)
  A hydra (D:9)
  Harold (D:7)
  A two-headed ogre (D:8)
  A deep troll earth mage (D:9)
  A tengu warrior (D:9)
  A deep elf knight (D:8)
  A cyclops (D:9)
  Joseph (D:7)
  Grinder (D:6)
  2 hippogriffs
  Sigmund (D:3)
  4 yaks
  A human (D:7)
  Eustachio (D:6)
  A wyvern (D:8)
  4 hogs (D:7)
  A hungry ghost (D:9)
  Duvessa (D:6)
  2 sky beasts
  An ice beast (D:7)
  2 phantoms
  4 orc warriors
  2 necrophages
  4 ogres
  3 centaurs
  A big kobold (D:9)
  6 bullfrogs
  A water moccasin zombie (D:8)
  Dowan (D:6)
  2 scorpions
  A water moccasin skeleton (D:5)
  6 killer bees (D:8)
  4 wights (D:6)
  4 crimson imps
  5 howler monkeys
  A quasit (D:7)
  3 hounds
  4 jellies
  6 orc wizards
  7 orc priests
  A bullfrog skeleton (D:6)
  5 worker ants
  A killer bee zombie (D:5)
  2 hound zombies
  2 hound skeletons
  2 worker ant zombies
  2 howler monkey skeletons
  6 gnolls (D:4)
  14 adders
  2 shadow imps (D:9)
  An ooze (D:4)
  2 adder skeletons
  2 dart slugs
  6 leopard geckos
  18 orcs
  2 ball pythons
  5 giant cockroaches
  3 goblins (D:1)
  8 hobgoblins
  13 jackals
  3 quokkas
  10 bats
  3 frilled lizards (D:2)
  A jackal zombie (D:8)
  11 kobolds
  2 leopard gecko skeletons
  A quokka zombie (D:8)
  5 rats
229 creatures vanquished.

Vanquished Creatures (collateral kills)
  An orc wizard (D:8)
  3 orcs
4 creatures vanquished.

Grand Total: 233 creatures vanquished

Notes
Turn   | Place    | Note
-------+----------+-------------------------------------------
     0 | D:1      | Elric the Draconian Transmuter began the quest for the Orb.
     0 | D:1      | Reached XP level 1. HP: 16/16 MP: 3/3
   202 | D:1      | Reached XP level 2. HP: 20/23 MP: 3/5
   461 | D:1      | Found a glowing golden altar of the Shining One.
   736 | D:2      | Reached XP level 3. HP: 25/29 MP: 4/6
  1611 | D:2      | Reached XP level 4. HP: 31/37 MP: 5/7
  2133 | D:3      | Noticed Sigmund
  2184 | D:2      | Learned a level 3 spell: Spider Form
  2559 | D:3      | Killed Sigmund
  2559 | D:3      | Reached skill level 5 in Unarmed Combat
  2559 | D:3      | Reached XP level 5. HP: 27/46 MP: 5/8
  3241 | D:4      | Reached XP level 6. HP: 52/52 MP: 7/9
  3278 | D:4      | Found a shimmering altar of Xom.
  3720 | D:4      | Reached skill level 1 in Poison Magic
  3723 | D:4      | Your scales start taking on an icy white colour.
  3723 | D:4      | Reached XP level 7. HP: 7/60 MP: 10/10
  3723 | D:4      | Gained mutation: Your flesh is cold resistant. (rC+) [White
                  | Draconian growth]
  4367 | D:5      | Entered Level 5 of the Dungeon
  4417 | D:5      | Reached skill level 5 in Fighting
  4577 | D:5      | Found Cuceoh's Mayhem Merchandise.
  4796 | D:5      | Learned a level 2 spell: Sticks to Snakes
  5163 | D:6      | Noticed Eustachio
  5217 | D:6      | Reached XP level 8. HP: 64/68 MP: 9/11
  5256 | D:6      | Noticed Duvessa
  5256 | D:6      | Noticed Dowan
  5269 | D:6      | Killed Duvessa
  5274 | D:6      | Killed Dowan
  5799 | D:6      | Noticed Grinder
  5807 | D:6      | Paralysed by Grinder for 3 turns
  5846 | D:6      | Killed Eustachio
  5849 | D:6      | Reached skill level 5 in Transmutations
  5858 | D:6      | Killed Grinder
  5870 | D:6      | Reached XP level 9. HP: 37/75 MP: 8/12
  6204 | D:6      | Found a staircase to the Ecumenical Temple.
  6224 | Temple   | Entered the Ecumenical Temple
  6519 | Temple   | Became a worshipper of Ashenzari the Shackled
  6871 | D:7      | Noticed Harold
  6896 | D:7      | Killed Harold
  6896 | D:7      | Reached skill level 5 in Dodging
  6917 | D:7      | Learned a level 5 spell: Blade Hands
  7148 | D:7      | Noticed Joseph
  7170 | D:7      | Killed Joseph
  7170 | D:7      | Reached skill level 5 in Spellcasting
  7509 | D:7      | Reached XP level 10. HP: 54/84 MP: 14/18
  9100 | D:8      | Reached skill level 1 in Shields
 10016 | D:8      | Reached * piety under Ashenzari
 10383 | D:8      | Noticed a two-headed ogre
 10400 | D:8      | Killed a two-headed ogre
 11207 | D:9      | Noticed a tengu warrior
 11235 | D:9      | Killed a tengu warrior
 11235 | D:9      | Reached XP level 11. HP: 93/93 MP: 19/21
 11677 | D:9      | Learned a level 4 spell: Ice Form
 11997 | D:9      | Noticed a five-headed hydra
 11997 | D:9      | Noticed a deep elf knight
 12118 | D:9      | Killed a five-headed hydra
 12118 | D:9      | Reached skill level 1 in Ice Magic
 12585 | D:9      | Noticed a sphinx
 12585 | D:9      | Noticed a deep troll earth mage
 12596 | D:9      | Paralysed by a sphinx for 4 turns
 12609 | D:9      | Noticed a fire crab
 12939 | D:8      | Killed a deep elf knight
 13120 | D:9      | Killed a deep troll earth mage
 13221 | D:9      | Killed a sphinx
 13618 | D:9      | Slain by a fire crab

Levels and vault maps discovered:
D:1:      dpeg_arrival_stonehenge_8_columns, layout_basic, tso_altar
D:2:      layout_basic, first_ration
D:3:      layout_loops_ring, chequers_big_river, serial_bayou_ford_a,
          uniq_sigmund
D:4:      layout_basic, lemuel_round_altar
D:5:      layout_basic, minmay_shop_mayhem
D:6:      layout_basic, temple_green, uniq_duvessa, uniq_eustachio, uniq_grinder
D:7:      layout_basic, grunt_livestock, uniq_joseph, uniq_harold
D:8:      layout_basic, hangedman_decor_opposing
D:9:      minmay_sliced_demisemicircle, layout_basic, kennysheep_generic_room_14
Temple:   nicolae_temple_the_god_donut

Skill      XL: |  1  2  3  4  5  6  7  8  9 10 11 |
---------------+----------------------------------+-----
Fighting       | 2 3 4 5 6 7 8 |  8.8
Unarmed Combat | 4 5 6 7 8 9 |  9.4
Poison Magic   | 1 2 |  2.0
Dodging        | 2 4 5 6 |  6.6
Transmutations | 5 6 7 9 |  9.2
Spellcasting   | 5 6 |  6.7
Shields        | 4 |  4.1
Ice Magic      | 3 |  3.2

Action                   |  1- 3 |  4- 6 |  7- 9 | 10-12 || total
-------------------------+-------+-------+-------+-------++-------
Melee: Unarmed           |   111 |    93 |   302 |   355 ||   861
       Kick              |    11 |    12 |       |       ||    23
       Tailslap          |     6 |    11 |    34 |    34 ||    85
       Punch             |     2 |     3 |     4 |     6 ||    15
       Headbutt          |     3 |     4 |    38 |    37 ||    82
 Cast: Beastly Appendage |    29 |    20 |    39 |    34 ||   122
       Spider Form       |       |     3 |    11 |    14 ||    28
       Sticks to Snakes  |       |       |    13 |    38 ||    51
       Blade Hands       |       |       |       |     6 ||     6
       Ice Form          |       |       |       |     1 ||     1
Invok: Curse Item        |       |       |     1 |     2 ||     3
 Abil: Breathe Frost     |       |       |    12 |     3 ||    15
Evoke: Wand              |       |       |     5 |     3 ||     8
  Use: Scroll            |       |     3 |     8 |     3 ||    14
       Potion            |       |     2 |     2 |     1 ||     5
 Stab: Paralysed         |       |       |     9 |     5 ||    14
       Sleeping          |       |       |     2 |     1 ||     3
       Distracted        |       |       |       |     2 ||     2
  Eat: Chunk             |     3 |     1 |     4 |     7 ||    15
       Ration            |       |     2 |     4 |     6 ||    12
Armor: Skin              |    39 |    23 |    62 |   112 ||   236
Dodge: Dodged            |    77 |    63 |   204 |   310 ||   654
Block: Buckler           |       |       |       |    44 ||    44

Table legend:
 A = Non-vault XP
 B = Vault XP
 C = Vault XP percentage of total XP
 D = Non-vault monster count
 E = Vault monster count
 F = Vault count percentage of total count
                 A         B        C        D         E       F
            +---------+---------+-------+---------+---------+-------
      Total |    8060 |    9454 |  54.0 |     211 |      22 |   9.4
            +---------+---------+-------+---------+---------+-------
        D:1 |      21 |       0 |   0.0 |      12 |       0 |   0.0
        D:2 |     105 |       0 |   0.0 |      31 |       0 |   0.0
        D:3 |      23 |     223 |  90.7 |      13 |       1 |   7.1
        D:4 |     595 |       0 |   0.0 |      28 |       0 |   0.0
        D:5 |     407 |       0 |   0.0 |      11 |       0 |   0.0
        D:6 |    1165 |     722 |  38.3 |      28 |       4 |  12.5
        D:7 |     830 |    2359 |  74.0 |      16 |       7 |  30.4
        D:8 |    3222 |     816 |  20.2 |      40 |       1 |   2.4
        D:9 |    1692 |    5334 |  75.9 |      32 |       9 |  22.0
            +---------+---------+-------+---------+---------+-------
